cohdb
Replays
Latest Replays
All Replays
Popular Replays
Top Player Replays
Match Explorer
How It Works
Community
CoH3 Stats
Reddit
Sign in to upload your games and track your stats! →
Sign in with Steam
Match 41795927
Unlisted
Match 41795927
Overview
Messages
Build Orders
End
Vickers Machine Gun Team
Construct Section Command Post
Infantry Section
Infantry Section
Grenade Package
Infantry Section
Construct Platoon Command Post
Selects Indian Artillery Battlegroup
Selects Towed ML 4.2-inch Heavy Mortar
CMP 15cwt Truck
Infantry Section
Construct Field Infirmary
Infantry Training
6-pounder Anti-tank Gun Team
Selects Off-map Airburst Barrage
Construct Company Command Post
6-pounder Anti-tank Gun Team
Selects BL5.5 Artillery Emplacement
Matilda II Heavy Tank
6-pounder Anti-tank Gun Team
Foot Guards Section
Team Weapon Training
Armored Vehicle Training
Selects Valour
Selects Gurkha Rifles Section
Cozier Conch
Ludwigz
Bueno
BIOHAZARD
Gorgolo
Andreuz
0
0
Comments
sign in to comment!
No comments posted yet!